[Event "*** Titled Tuesday Blitz"]
[Site "Chess.com"]
[Date "2019.05.07"]
[Round "1"]
[White "tteshan"]
[Black "fastestmindalive"]
[Result "0-1"]
[WhiteElo "2316"]
[BlackElo "2648"]
[TimeControl "180+2"]
[EndTime "13:09:22 PDT"]
[Termination "fastestmindalive won by resignation"]

1. d4 Nf6 2. c4 e6 3. Nc3 Bb4 4.
e3 O-O 5. Bd3 d5 6. Ne2 c5 7. O-O cxd4 8. exd4 dxc4 9. Bxc4 b6 10. a3 Bd6 11. Be3 Bb7 12. Qd2 Nc6 13. Rac1 Rc8 14.
Ba2 Ne7 15. Nb5 Bb8 16. h3 Nf5 17. Rfd1 Nh4 18. d5 Rxc1 19. Nxc1 Nxd5 20. Bg5 Qe8 21. Bxh4 Qxb5 22. Ne2 h6 23. Bb1 Qc4 24. Bg3 Bxg3 25. Nxg3 Qh4 26. Qc2 g6 27. Nf1 Rc8 28. Qd2 Nf4 29.
Ne3 Nxh3+ 30. gxh3 Qxh3 31. f3 Qxf3 32. Rf1 Qg3+ 33.
Ng2 f5 34. Qf2 Qg5 35. Ba2 Re8 36. Qe2 Kh7 37. Qf2 h5 38. Rd1 Re7 39. Kf1 Qg4 40.
Re1 e5 41. Ne3 Ba6+ 42. Bc4 Bxc4+ 43. Nxc4 Qxc4+ 44. Kg2 Qg4+ 45. Kf1 e4 46. Qd4 Qf3+ 47. Kg1 e3 48. Rf1 Qg3+ 49. Kh1 e2 0-1

[Event "*** Titled Tuesday Blitz"]
[Site "Chess.com"]
[Date "2019.05.07"]
[Round "1"]
[White "HrvojeZagreb"]
[Black "Sutormin_DA"]
[Result "0-1"]
[WhiteElo "2034"]
[BlackElo "2516"]
[TimeControl "180+2"]
[EndTime "13:09:22 PDT"]
[Termination "Sutormin_DA won by resignation"]

1. d4 Nf6 2. Bf4 g6 3. Nc3 d5 4. e3 Bg7 5. h4 h5 6. Nf3 b6 7. a4 a6 8. a5 b5 9. Be2 O-O 10. Ne5 Be6 11. g4 hxg4 12. Nxg4 Nxg4 13. Bxg4 Bxg4 14. Qxg4 Nd7 15. h5 Nf6 16. Qg2 c6 17. hxg6 Qd7 18. O-O-O Qf5 19. gxf7+ Rxf7 20. Rdg1 Kf8 21.
Be5 Ke8 22. Ne2 Bf8 23. Ng3 Qg6 24. Bxf6 Qxf6 25. f4 Rc8 26. b4 Kd7 27. Qh3+ e6 28.
Nh5 Qf5 29. Qxf5 Rxf5 30. Rg6 Bxb4 31. Nf6+ Kd6 32. Rh7 c5 33. Ra7 cxd4 34. exd4 Rxf4 35. Rxa6+ Ke7 36. Nh5 Rf1+ 37. Kb2 Bc3+ 38. Kb3 Bxd4 39. Ra7+ Bxa7 40. Rg7+ Rf7 41. Rg2 d4 42. Ng3 Rc3+ 43. Kb2 Re3 44. Nh5 e5 45. Rg6 Rh3 46. Ra6 Kf8 47. Nf6 Bc5 48. Ne4 Ba3+ 49. Ka2 b4 50. Ra8+ Kg7 51. a6 Rh2 52. Kb3 Rh8 53. Rxh8 Kxh8 54.
Nd6 Ra7 55. Nc4 e4 56. Ne5 Rxa6 57. Nf7+ Kg7 58. Ng5 e3 59. Nf3 e2 60. Ne1 Rc6 0-1

[Event "*** Titled Tuesday Blitz"]
[Site "Chess.com"]
[Date "2019.05.07"]
[Round "1"]
[White "muran29"]
[Black "Michael_Scofield01"]
[Result "0-1"]
[WhiteElo "2347"]
[BlackElo "2689"]
[TimeControl "180+2"]
[EndTime "13:09:24 PDT"]
[Termination "Michael_Scofield01 won by checkmate"]

1. d4 Nf6 2. c4 c6 3. Nc3 d5 4.
cxd5 cxd5 5. Bf4 Nc6 6. e3 a6 7. Rc1 Bf5 8. Nf3 e6 9. Bd3 Bxd3 10. Qxd3 Nh5 11. Bg3 Nxg3 12. hxg3 h6 13. O-O Be7 14.
Na4 O-O 15. Nc5 Qc8 16. a3 Ra7 17. b4 b6 18. Na4 Qb7 19. Rc3 Bd6 20. Rfc1 Ne7 21.
Qc2 Raa8 22. Ne5 Nc8 23. Nc6 b5 24. Na5 Qb8 25. Nc5 Nb6 26. Qe2 Rc8 27. Qg4 Bxc5 28. Rxc5 Nc4 29. Nxc4 bxc4 30. Qe2 a5 31. Qd2 axb4 32.
axb4 Rc7 33. Rb1 Rb7 34. g4 Ra3 35. g3 Rd3 36. Qe1 g6 37. b5 Rb6 38. Qa5 Kg7 39.
Rc8 Qxc8 40. Qxb6 c3 41. Kg2 Qc4 42. Qc5 Qa2 43. Rf1 c2 44. b6 Rd1 45. b7 Rxf1 46.
b8=Q Rxf2+ 47. Kh3 Rh2+ 48. Kxh2 c1=Q+ 49. Kh3 Qh1# 0-1

[Event "*** Titled Tuesday Blitz"]
[Site "Chess.com"]
[Date "2019.05.07"]
[Round "1"]
[White "Zarikovs1999"]
[Black "bluejay1897"]
[Result "0-1"]
[WhiteElo "2581"]
[BlackElo "2290"]
[TimeControl "180+2"]
[EndTime "13:09:26 PDT"]
[Termination "bluejay1897 won by checkmate"]

1. e4 c5 2. Nf3 e6 3. d4 cxd4 4. Nxd4 Nc6 5. Nc3 a6 6. g3 Qc7 7. Bg2 b5 8. O-O Bb7 9. Re1 h5 10. Nd5 Qd8 11. Nxc6 dxc6 12. Nc3 h4 13. Be3 hxg3 14.
hxg3 Nf6 15. Qe2 e5 16. Rad1 Qc7 17. Bg5 Be7 18. Qf3 Bc8 19. Rd2 Bg4 20. Qe3 Qc8 21. Bxf6 Bxf6 22. Qb6 Be7 23. Nd1 Rb8 24. Qa7 Ra8 25.
Qb6 O-O 26. Qe3 a5 27. f3 Be6 28. Nf2 Bxa2 29. b3 a4 30. bxa4 Rxa4 31. Ng4 f6 32. Kh2 Be6 33. Nf2 Rc4 34. Qe2 Bb4 35. Red1 Bxd2 36. Rxd2 Rd8 37. Nd3 Rc3 38. Rd1 Bc4 39.
Ra1 Bxd3 40. cxd3 Rcxd3 41. Ra7 Rd2 42. Qe3 c5 43. Qb3+ c4 44. Qxb5 R8d7 45. Rxd7 Qxd7 46. Qxc4+ Kh7 47. Qf1 Qd3 48. Qh1 Kg6 49. Qg1 Qxf3 50.
Kh3 Qh5# 0-1

[Event "*** Titled Tuesday Blitz"]
[Site "Chess.com"]
[Date "2019.05.07"]
[Round "1"]
[White "Denis_Palkovich"]
[Black "chessking2151"]
[Result "0-1"]
[WhiteElo "2274"]
[BlackElo "2597"]
[TimeControl "180+2"]
[EndTime "13:09:32 PDT"]
[Termination "chessking2151 won by resignation"]

1. d4 Nf6 2. Bf4 d5 3. e3 c5 4. c3 Qb6 5. Qb3 c4 6. Qc2 g6 7. Nd2 Bf5 8. Qc1 Bg7 9. Ngf3 O-O 10. Be2 Nc6 11. O-O Rfc8 12. h3 Qd8 13. Bd1 b5 14. Bc2 b4 15. Bxf5 gxf5 16. Ne5 a5 17. Rb1 Ra6 18. Qc2 e6 19. Ndf3 Ne4 20. Nxc6 Raxc6 21. Ne5 Rb6 22. f3 Nd6 23. Qa4 Nb5 24. Qxa5 Ra8 25. Qxb4 Bf8 26. Nc6 Qd7 27. Ne5 Qe8 28. Nxc4 Bxb4 29.
Nxb6 Ra6 30. Nxd5 exd5 31. cxb4 Rxa2 32. Rfc1 Kg7 33. Rc5 Ra6 34. Rxd5 Qc6 35. Rc5 Qd7 36. Rbc1 Rg6 37. Kh2 h5 38. Re5 h4 39. Rcc5 Na7 40.
Rxf5 Nc8 41. Be5+ Kg8 42. Rh5 f6 43. Rc7 Qe6 44. Bf4 Ne7 45. Ra5 Rg7 46. b5 Qf5 47. Raa7 Qg6 48. g3 hxg3+ 49. Kg2 Qd3 50. Bxg3 Qe2+ 51. Kh1 Qxf3+ 52. Kg1 Rxg3+ 0-1

[Event "*** Titled Tuesday Blitz"]
[Site "Chess.com"]
[Date "2019.05.07"]
[Round "1"]
[White "TheBigBadChessDad"]
[Black "GukeshDommaraju"]
[Result "0-1"]
[WhiteElo "2307"]
[BlackElo "2631"]
[TimeControl "180+2"]
[EndTime "13:09:38 PDT"]
[Termination "GukeshDommaraju won by resignation"]

1. d4 Nf6 2. Nf3 g6 3. Bg5 Bg7 4. Nbd2 d5 5. e3 O-O 6. Be2 c5 7. c3 b6 8. O-O Bb7 9. b4 Nbd7 10.
Rb1 Qc8 11. Qa4 c4 12. Ne5 e6 13. Bxf6 Nxf6 14. f4 a6 15. Qc2 b5 16. a4 Ne8 17. axb5 axb5 18. Ra1 Nd6 19. Qb2 Qc7 20. Rxa8 Rxa8 21. Ra1 f6 22. Nef3 Qb8 23. Bd1 Nf5 24.
Kf2 e5 25. g3 exf4 26. exf4 Nd6 27. Bc2 Ne4+ 28. Nxe4 dxe4 29. Nd2 f5 30. Nf1 g5 31. Rxa8 Bxa8 32. fxg5 f4 33. Qc1 e3+ 34. Nxe3 fxe3+ 35. Qxe3 Qf8+ 36. Qf4 Qxf4+ 37. gxf4 Bf8 38. Ke3 Kg7 39. h4 Be7 40. f5 Bd6 41. Be4 Bxe4 42. Kxe4 Bg3 43.
h5 Be1 44. f6+ Kf7 45. Kf5 Bxc3 46. g6+ hxg6+ 47. hxg6+ Kf8 48. d5 Bxb4 49. Ke6 c3 50.
d6 Bxd6 51. Kxd6 c2 52. Ke6 c1=Q 53. g7+ Kg8 54. Ke7 Qe3+ 55. Kd8 b4 0-1

[Event "*** Titled Tuesday Blitz"]
[Site "Chess.com"]
[Date "2019.05.07"]
[Round "1"]
[White "WPWPWP-2015"]
[Black "Fins0905"]
[Result "1-0"]
[WhiteElo "2392"]
[BlackElo "2701"]
[TimeControl "180+2"]
[EndTime "13:09:40 PDT"]
[Termination "WPWPWP-2015 won by resignation"]

1. e4 d5 2. exd5 Qxd5 3. Nc3 Qa5 4. Rb1 c6 5. b4 Qc7 6. Nf3 Nf6 7.
g3 Bg4 8. Bg2 e6 9. O-O Be7 10.
d4 O-O 11. Bf4 Qd8 12. h3 Bh5 13. b5 Nd5 14. Bd2 Nd7 15. bxc6 bxc6 16. g4 Bg6 17. Ne2 Bd6 18. Rb3 N7b6 19. Ba5 Qf6 20. Nd2 Nf4 21.
Nxf4 Qxf4 22. Nf3 Nc4 23. Bb4 h5 24. Bxd6 Qxd6 25. Rc3 hxg4 26. hxg4 Nb2 27. Qe2 Na4 28. Rc4 Nb6 29. Rc5 Qf4 30. Rxc6 Qxg4 31. Re1 Rac8 32.
Ne5 Qxe2 33. Rxe2 Bf5 34. c4 Rcd8 35. Rd2 f6 36. Nf3 Rd7 37. c5 Na4 38. Nh4 Rfd8 39.
Nxf5 exf5 40. d5 Kf7 41. d6 Nc3 42. Rd3 Ne4 43. Bf1 Ke6 44. f4 Kf7 45. Rd5 Kg6 46.
Bd3 Rb7 47. Rc7 Rb2 48. d7 Kh5 49. Rc8 Rxd7 50. Rxd7 Kg4 51. Rxg7+ Kf3 52. Bf1 Ng3 53.
Rcg8 Nxf1 54. Rg2 Rb1 55. Rf2+ Ke3 56. Rxf1 1-0

[Event "*** Titled Tuesday Blitz"]
[Site "Chess.com"]
[Date "2019.05.07"]
[Round "1"]
[White "PulpanJ"]
[Black "Walter_White_Poland"]
[Result "0-1"]
[WhiteElo "2570"]
[BlackElo "2291"]
[TimeControl "180+2"]
[EndTime "13:09:41 PDT"]
[Termination "Walter_White_Poland won by resignation"]

1. d4 Nf6 2. Nf3 c5 3. c3 d5 4. Bf4 Nc6 5. e3 Qb6 6. Qb3 c4 7. Qc2 Bf5 8. Qc1 e6 9. h3 h6 10.
Nbd2 Rc8 11. Be2 Be7 12. O-O O-O 13. b3 cxb3 14. axb3 Nb4 15. Qb2 Nd3 16. Bxd3 Bxd3 17. Rfc1 a6 18. Ne5 Bh7 19. b4 Rfd8 20. Nb3 Nd7 21.
Nxd7 Rxd7 22. Qa3 Qd8 23. Nc5 Bxc5 24. bxc5 Bd3 25. Qb3 Bb5 26. Qd1 f6 27. Qg4 Qe8 28. Bxh6 Kh7 29. Bf4 g5 30. Bg3 Rg7 31. h4 Kg8 32. hxg5 Rxg5 33. Qf4 Qg6 34. Bh4 Rf5 35.
Qg3 Qxg3 36. Bxg3 Kf7 37. f4 Rg8 38. Kf2 Rh5 39. Rh1 Rgh8 40. Rxh5 Rxh5 41. Rd1 f5 42. Kf3 Rh7 43. Bf2 Rh8 44. Rd2 Rh7 45. g4 Rh3+ 46. Kg2 fxg4 47. Bg3 Kg6 48. f5+ Kxf5 49. Rf2+ Ke4 50. Rf4+ Kxe3 51. Rxg4 Rh7 52. Rg6 Bd7 53. Be5 Kd3 54. Rg3+ Kc4 55. Kf2 a5 56. Rg8 a4 57. Ra8 Kxc3 58. Ke3 Rh3+ 59. Kf4 Bc6 60.
Kg5 Kb3 61. Kf6 a3 62. Rg8 a2 63. Rg1 Rc3 64. Bf4 Kb2 65. Kxe6 a1=Q 66. Rxa1 Kxa1 67.
Bd2 Rd3 68. Bh6 Kb1 69. Bg7 Kc2 70. Kd6 Kd2 71. Kc7 Ke3 72. Kb6 Rxd4 73. Bh6+ Kd3 74. Bg7 Kc4 75. Kc7 Rd1 76. Bf8 d4 77. Bg7 d3 78. Bh6 0-1

[Event "*** Titled Tuesday Blitz"]
[Site "Chess.com"]
[Date "2019.05.07"]
[Round "1"]
[White "slowdumbb"]
[Black "Thjop"]
[Result "1/2-1/2"]
[WhiteElo "2379"]
[BlackElo "2531"]
[TimeControl "180+2"]
[EndTime "13:09:43 PDT"]
[Termination "Game drawn - insufficient material"]

1. g3 Nf6 2. Bg2 g6 3. Nf3 Bg7 4. O-O O-O 5. c4 d6 6. Nc3 Nc6 7. d3 e5 8. Rb1 a5 9. a3 Nd4 10.
b4 axb4 11. axb4 c6 12. b5 d5 13. bxc6 Nxf3+ 14. Bxf3 bxc6 15. Bg5 Be6 16. Qb3 dxc4 17.
dxc4 Rc8 18. Rfd1 Qa5 19. Na4 Qa6 20. Nc5 Qxc4 21. Nxe6 Qxb3 22. Rxb3 fxe6 23. Rc3 Nd5 24. Rc5 Bf6 25. Bh6 Rfd8 26. Rdc1 Ne7 27. h4 Kf7 28. Bxc6 Nf5 29. Bg5 Bxg5 30. hxg5 Ke7 31. Bf3 Nd6 32. Bc6 Rc7 33. Ba4 Rxc5 34. Rxc5 e4 35. Rc7+ Kf8 36. Bb3 Nf7 37. Bxe6 Nxg5 38. Bc4 Re8 39. Kg2 Re7 40.
Rc8+ Kg7 41. Rg8+ Kf6 42. Rf8+ Ke5 43. Ra8 Kd4 44. Bg8 Ke5 45. Ra6 Kd4 46. Ra5 Nf7 47. e3+ Kd3 48. Rd5+ Ke2 49. Rd4 Ng5 50. Bc4+ Ke1 51.
Bd5 Re5 52. g4 h5 53. gxh5 gxh5 54. Kg3 Re7 55. Bc6 Rg7 56. Kf4 Ne6+ 57. Kxe4 Nxd4 58. exd4 Kxf2 59. d5 h4 60. d6 h3 61. Ke5 h2 62.
Ke6 Rg2 63. Bxg2 Kxg2 64. d7 h1=Q 65. d8=Q Qh3+ 66. Ke7 Qh4+ 67. Ke8 Qh8+ 68. Kd7 Qd4+ 69. Ke8 Qe5+ 70. Qe7 Qxe7+ 71. Kxe7 1/2-1/2

[Event "*** Titled Tuesday Blitz"]
[Site "Chess.com"]
[Date "2019.05.07"]
[Round "1"]
[White "LastHeroJr"]
[Black "gemarin"]
[Result "0-1"]
[WhiteElo "2499"]
[BlackElo "2087"]
[TimeControl "180+2"]
[EndTime "13:09:46 PDT"]
[Termination "gemarin won by resignation"]

1. e4 c5 2. Nf3 Nc6 3. d4 cxd4 4. Nxd4 Nf6 5. Nc3 d6 6. Bg5 e6 7. Qd2 a6 8. O-O-O h6 9. Be3 Qc7 10. f3 Be7 11. Kb1 b5 12. g4 Nxd4 13. Qxd4 Nd7 14.
Qd2 b4 15. Ne2 Bb7 16. Nd4 d5 17. exd5 Bxd5 18. Be2 Qa5 19. b3 Bf6 20. h4 g6 21.
h5 g5 22. Rhf1 Nc5 23. Qc1 Rc8 24. Qd2 O-O 25. Bd3 Rfd8 26. f4 Ne4 27. Bxe4 Bxe4 28. fxg5 Bxd4 29. Bxd4 Rxc2 30. Qxc2 Bxc2+ 31. Kxc2 Qxg5 32. Kb1 Rc8 33. Bb2 Qe3 34. g5 Qe4+ 35. Ka1 hxg5 36. h6 Kh7 37. Rxf7+ Kxh6 38. Rf6+ Kh5 39. Rff1 Rc2 40.
Rh1+ Kg4 41. Rhg1+ Rg2 42. Rge1 Qf5 43. Rd4+ Kh5 44. Rh1+ Kg6 45. Rd8 Qc2 46. Rg8+ Kf5 47.
Rf8+ Kg4 48. Rb1 e5 49. Rff1 e4 50. Rfc1 Qf2 51. Re1 e3 52. Rf1 Qe2 53. Rfe1 Qd2 54. Red1 Kf3 55. Rxd2 exd2 0-1

[Event "*** Titled Tuesday Blitz"]
[Site "Chess.com"]
[Date "2019.05.07"]
[Round "1"]
[White "ShimanovAlex"]
[Black "M1711"]
[Result "1-0"]
[WhiteElo "2846"]
[BlackElo "2455"]
[TimeControl "180+2"]
[EndTime "13:09:49 PDT"]
[Termination "ShimanovAlex won by resignation"]

1. e4 c5 2. Nc3 e6 3. g3 d5 4. Bg2 dxe4 5. Nxe4 Be7 6. Nh3 Nf6 7. Nf4 O-O 8. O-O Qc7 9. d3 Bd7 10. Bd2 Bc6 11. Bc3 Nbd7 12. a4 b6 13. Re1 Rad8 14.
Qe2 Nd5 15. Bd2 N7f6 16. Ng5 Nxf4 17. Bxf4 Qb7 18. Bxc6 Qxc6 19. Qf3 Qxf3 20. Nxf3 Nd5 21. Bd2 Bf6 22. Rab1 Nb4 23. Bxb4 cxb4 24. Re4 Rc8 25. Ne1 a5 26. Kf1 Rc5 27. Rc4 Rfc8 28. b3 h5 29. Nf3 g5 30. h3 Kg7 31. Ke2 Kg6 32. g4 h4 33. Nd2 Rxc4 34. Nxc4 Bd4 35. Kf3 f5 36.
Re1 Kf6 37. Re2 Rd8 38. Ne3 Rd7 39. Re1 Rd8 40. Nc4 Rc8 41. Rd1 Rd8 42. Rd2 Rc8 43. Re2 Rd8 44. Kg2 Rc8 45. Nd6 Rc6 46. Nb5 Bc5 47.
Kf3 Bf8 48. Nd4 Rd6 49. Nb5 Rc6 50. gxf5 exf5 51. Re8 Kf7 52. Re2 Rg6 53. Re5 g4+ 54.
Kg2 Kf6 55. Rd5 gxh3+ 56. Kxh3 Rg1 57. Nd4 Rc1 58. Rxf5+ Ke7 59. Re5+ Kd6 60. Re2 Kd5 61. Nf3 Bg7 62. Kxh4 Rh1+ 63. Kg4 Bc3 64. Ng5 Rg1+ 65. Kf5 Rg2 66. Ne4 Bd4 67. Kf4 Rg1 68. Kf3 Rg8 69. Ng3 Rf8+ 70. Kg2 Rg8 71. f4 Bf6 72. Kf3 Bc3 73.
Nf5 Rf8 74. Ne3+ Kd6 75. Rg2 Be5 76. Nc4+ 1-0

[Event "*** Titled Tuesday Blitz"]
[Site "Chess.com"]
[Date "2019.05.07"]
[Round "1"]
[White "Cruel_Yaro"]
[Black "adriangschnitzer"]
[Result "0-1"]
[WhiteElo "2748"]
[BlackElo "2422"]
[TimeControl "180+2"]
[EndTime "13:09:57 PDT"]
[Termination "adriangschnitzer won on time"]

1. e3 d5 2. d4 Nf6 3. Nf3 c5 4. dxc5 Nc6 5. a3 a5 6. Bb5 e6 7.
Ne5 Bd7 8. Nxd7 Qxd7 9. O-O Bxc5 10. c4 O-O 11. Nc3 Rfd8 12. cxd5 Nxd5 13. Nxd5 Qxd5 14.
Qxd5 Rxd5 15. Be2 Rad8 16. b3 R5d7 17. Rb1 f6 18. Bb5 Rd1 19. Bb2 Rxb1 20. Rxb1 Kf7 21.
Kf1 Ne5 22. Ke2 b6 23. h3 h5 24. b4 axb4 25. axb4 Be7 26. Bd4 Rd5 27. Ba6 b5 28. f4 Nc6 29. Bc3 Nb8 30. e4 Rd7 31. Bxb5 Rc7 32.
Bd2 Rb7 33. Bc4 Nc6 34. b5 Nd4+ 35. Kf1 Bc5 36. f5 Ke7 37. fxe6 Nxe6 38. Bd5 Rb8 39. Bc3 Nd4 40. Bc4 Kd6 41. Bd3 h4 42. Be1 g5 43.
Bd2 Ke5 44. Be3 Bb6 45. Bg1 Rc8 46. Bh2+ Ke6 47. Bg1 Rc3 48. Rd1 Ke5 49. Bh2+ Ke6 50. Bb1 Nxb5 51. Ba2+ Ke7 52. Rb1 Na3 53. Rxb6 Rc1+ 54.
Kf2 Rc2+ 55. Kf3 Rxa2 56. Bd6+ Kf7 57. Ra6 Nc4 58. Rxa2 Nxd6 0-1

[Event "*** Titled Tuesday Blitz"]
[Site "Chess.com"]
[Date "2019.05.07"]
[Round "1"]
[White "Tartody"]
[Black "Yaacovn"]
[Result "1-0"]
[WhiteElo "2474"]
[BlackElo "2797"]
[TimeControl "180+2"]
[EndTime "13:10:00 PDT"]
[Termination "Tartody won by checkmate"]

1. Nf3 c6 2. b3 d5 3. Bb2 Bg4 4. g3 Bxf3 5. exf3 Nf6 6. Bg2 g6 7. O-O Bg7 8. f4 O-O 9. d3 e6 10. c4 Ne8 11. d4 Nd7 12. Nd2 Nd6 13. Qc2 Re8 14. Nf3 Nf5 15. Ne5 f6 16. Nf3 Rc8 17. Rfe1 Bf8 18. Rad1 Qa5 19. Re2 Ba3 20. Ba1 Bb4 21.
c5 Qd8 22. g4 Nh6 23. h3 Ba5 24. Bb2 Nf7 25. Kh1 f5 26. g5 h6 27. h4 Kg7 28.
Bc1 hxg5 29. hxg5 Rh8+ 30. Kg1 Nf8 31. a3 Bc7 32. Rde1 Qd7 33. Bd2 Re8 34. b4 a6 35. a4 Qc8 36. Bf1 Qb8 37. Qc1 Rh5 38.
Be3 Nd7 39. Rb2 Reh8 40. Bg2 R8h7 41. b5 Qh8 42. Kf1 Ba5 43. Bd2 Bxd2 44. Qxd2 axb5 45. axb5 Qa8 46. Rxe6 Qa4 47. Re7 Nf8 48. Ne5 Kg8 49.
Rxf7 Rxf7 50. Nxf7 Kxf7 51. bxc6 bxc6 52. Kg1 Kg8 53.
Rb7 Rh7 54. Rxh7 Kxh7 55. Qe3 Qa7 56. Qe5 Qf7 57. Qd6 Qe8 58. Bf1 Ne6 59. Qe5 Qd7 60. Ba6 Kg8 61. Qb8+ Nf8 62. Bb7 Qe6 63. Qe5 Qd7 64. Ba8 Ne6 65. Qb8+ Kf7 66. Qh8 Nf8 67.
Qf6+ Kg8 68. Bxc6 Qc8 69. Bxd5+ Kh7 70. Qf7+ Kh8 71. Qg8# 1-0

[Event "*** Titled Tuesday Blitz"]
[Site "Chess.com"]
[Date "2019.05.07"]
[Round "1"]
[White "IIIlllII1llIl"]
[Black "gliglu"]
[Result "1-0"]
[WhiteElo "2736"]
[BlackElo "2338"]
[TimeControl "180+2"]
[EndTime "13:10:00 PDT"]
[Termination "IIIlllII1llIl won by resignation"]

1. e4 c6 2. Nf3 d5 3. Nc3 Bg4 4. h3 Bxf3 5. Qxf3 e6 6. d3 Nd7 7. g4 h6 8. h4 Be7 9. Qg3 d4 10. Nb1 Ngf6 11. Nd2 e5 12. Be2 Qc7 13. a4 O-O-O 14. Nc4 Bb4+ 15. Kf1 Rde8 16. f4 g6 17. Kg2 Rhg8 18. Rf1 exf4 19. Bxf4 Qd8 20. c3 dxc3 21. bxc3 Bc5 22. Bxh6 Nxe4 23. dxe4 Rxe4 24. Bd3 Re6 25. Rxf7 Nf6 26. Qf3 Be7 27. Bg5 Nd5 28. Bxe7 Rxe7 29. Rxe7 Qxe7 30. Rf1 Qxh4 31. Qg3 Qg5 32. Rf7 Rd8 33.
Be4 Ne7 34. Qf4 Qc5 35. Bf3 b6 36. Ne5 Qxc3 37. Kg3 Nd5 38. Qg5 Re8 39. Nxc6 Qxc6 40. Qxd5 Qxd5 41. Bxd5 Re3+ 42. Kf4 Rd3 43. Bc6 Rd4+ 44.
Kg5 a6 45. Rg7 b5 46. axb5 axb5 47. Rxg6 b4 48. Ba4 Kc7 49. Rf6 Rd5+ 50. Rf5 Rd4 51. Rb5 Kd6 52. Kh5 Rf4 53. g5 Ke7 54. Rb7+ Ke6 55.
Bb3+ Kd6 56. g6 Kc6 57. Rb8 Kc7 58. Ra8 Rf3 59. g7 Rh3+ 60. Kg4 1-0

[Event "*** Titled Tuesday Blitz"]
[Site "Chess.com"]
[Date "2019.05.07"]
[Round "1"]
[White "oskariot"]
[Black "pedroholly22"]
[Result "0-1"]
[WhiteElo "2556"]
[BlackElo "2274"]
[TimeControl "180+2"]
[EndTime "13:10:05 PDT"]
[Termination "pedroholly22 won by resignation"]

1. c4 Nf6 2. g3 g6 3. Bg2 Bg7 4. Nc3 O-O 5. e4 d6 6. Nge2 c5 7. d3 Nc6 8. O-O Bd7 9. h3 a6 10. Be3 Rb8 11. a4 e5 12. f4 exf4 13. Bxf4 Ne5 14. Qd2 b5 15. cxb5 axb5 16. a5 Nh5 17.
Nd5 Nxf4 18. gxf4 Nc6 19. f5 Qh4 20. f6 Bh6 21. Nef4 Nd4 22. Qf2 Qxf2+ 23. Rxf2 Bc6 24. a6 Kh8 25. a7 Ra8 26. Nb6 Bxf4 27. Rxf4 Ne2+ 28.
Kf2 Nxf4 29. Nxa8 Bxa8 30. Bf3 Nxd3+ 31. Ke3 Ne5 32. Ra6 Kg8 33. Be2 Rd8 34. Rb6 Kf8 35. Rb8 Nc6 36. Rb6 Nd4 37. Bxb5 Nxb5 38. Rxb5 Ke8 39.
Kf4 Kd7 40. e5 dxe5+ 41. Kxe5 Re8+ 42. Kf4 Re4+ 43. Kg5 Ra4 44. Kh6 Rxa7 45. Rxc5 Ke6 46. Kg7 h5 47. Rc3 Bd5 48. Re3+ Kf5 49. b4 Be6 50.
Re2 Rb7 51. Rb2 Ke5 52. h4 Kd5 53. b5 Kc5 54. Re2 Kxb5 55. Re5+ Kc6 56. Re1 Kd6 57. Rd1+ Ke5 58. Re1+ Kf5 59. Rf1+ Kg4 60. Kh6 Kxh4 61.
Rf4+ Kg3 0-1

[Event "*** Titled Tuesday Blitz"]
[Site "Chess.com"]
[Date "2019.05.07"]
[Round "1"]
[White "rasmussvane"]
[Black "Babas"]
[Result "1-0"]
[WhiteElo "2807"]
[BlackElo "2436"]
[TimeControl "180+2"]
[EndTime "13:10:07 PDT"]
[Termination "rasmussvane won by checkmate"]

1. Nf3 Nf6 2. g3 d5 3. Bg2 c6 4. O-O Bf5 5. c4 e6 6. cxd5 cxd5 7. Qb3 Qb6 8. Qxb6 axb6 9. Nc3 Be7 10. d3 h6 11. Bd2 O-O 12. Rfc1 Nbd7 13. Rab1 Rfc8 14. h3 e5 15. a3 d4 16. Nb5 Rc5 17. Rxc5 bxc5 18.
Nh4 Be6 19. Nc7 Rb8 20. Nxe6 fxe6 21. b4 b6 22. Bc6 Rc8 23. Bb5 Rc7 24. Bc4 Kf7 25. f4 exf4 26. gxf4 Nd5 27. Nf3 Bd6 28.
f5 N7f6 29. fxe6+ Kxe6 30. a4 Kd7 31. bxc5 Bxc5 32. Kg2 Ne3+ 33. Bxe3 dxe3 34. Rc1 Nh5 35. Bb5+ Kd8 36. Rc4 g5 37. Ne5 Nf4+ 38. Kf3 Nxh3 39. d4 Bd6 40. Nc6+ Kc8 41. Kxe3 Nf4 42. Kf3 Rf7 43.
e3 Nd5+ 44. Ke4 Nf6+ 45. Kf5 Ng8+ 46. Kg6 Rc7 47. e4 g4 48. e5 Bf8 49. d5 Kb7 50. d6 Rg7+ 51. Kf5 g3 52. Rc1 h5 53.
Nd8+ Kb8 54. Ne6 Rf7+ 55. Kg6 Rf2 56. Nxf8 Rxf8 57. Kg7 Rc8 58. d7 Rd8 59. e6 Ne7 60.
Kf7 Nd5 61. e7 Nxe7 62. Kxe7 Rxd7+ 63. Kxd7 h4 64. Rc8+ Kb7 65. Bc6+ Ka7 66. Ra8# 1-0

[Event "*** Titled Tuesday Blitz"]
[Site "Chess.com"]
[Date "2019.05.07"]
[Round "1"]
[White "akhairat"]
[Black "IakovUlivar"]
[Result "0-1"]
[WhiteElo "2218"]
[BlackElo "2548"]
[TimeControl "180+2"]
[EndTime "13:10:08 PDT"]
[Termination "IakovUlivar won on time"]

1. Nf3 Nf6 2. g3 g6 3. Bg2 Bg7 4. O-O O-O 5. d3 d5 6. Nbd2 Nc6 7. e4 dxe4 8. dxe4 e5 9. Re1 Be6 10. c3 a5 11. Qe2 h6 12. Nc4 Nd7 13. Ne3 a4 14. Rd1 Qc8 15. Nd5 Re8 16. Nd2 Na5 17. b4 axb3 18. axb3 c6 19. Rxa5 Rxa5 20. Nc4 cxd5 21.
exd5 Ra6 22. dxe6 Raxe6 23. Nd6 Rxd6 24. Rxd6 Nc5 25. Qc4 Ne6 26. Qxc8 Rxc8 27. Bd2 Rc7 28. Rb6 Nd8 29. Bd5 Kf8 30. c4 Nc6 31. Be3 Ke7 32. Bc5+ Ke8 33. Rxb7 Kd7 34. Rxc7+ Kxc7 35. Bxf7 g5 36. Bd5 Nd4 37. Bxd4 exd4 38. Kf1 Bf8 39. Ke2 Kd6 40. Kd3 Ke5 41. Bg2 Bc5 42. h3 Kf5 43. Bf3 Bb4 44. Kxd4 Be1 45. Bg4+ Kf6 46. Ke3 Bb4 47. f4 gxf4+ 48. gxf4 Bd6 49. Ke4 Ke7 50. Be2 Kf6 0-1

[Event "*** Titled Tuesday Blitz"]
[Site "Chess.com"]
[Date "2019.05.07"]
[Round "1"]
[White "murmah2003"]
[Black "SARGISMV"]
[Result "1-0"]
[WhiteElo "2659"]
[BlackElo "2339"]
[TimeControl "180+2"]
[EndTime "13:10:10 PDT"]
[Termination "murmah2003 won by resignation"]

1. g3 d5 2. Bg2 Nf6 3. d3 c6 4. Nf3 Bg4 5. O-O e6 6. b3 Be7 7. Bb2 O-O 8. Nbd2 a5 9. a3 Nbd7 10. Qe1 Ne8 11. e4 Nc7 12. Qe3 Bf6 13. c3 a4 14. b4 b6 15. d4 c5 16. h3 Bxf3 17. Nxf3 cxd4 18. Nxd4 Bxd4 19. Qxd4 Qf6 20. Qe3 b5 21. Rad1 Rfe8 22. Rfe1 Rad8 23. exd5 exd5 24.
Qa7 Qc6 25. Rxe8+ Rxe8 26. Qd4 Nf6 27. g4 h6 28. Bc1 Ne4 29. Rd3 Ne6 30. Qe3 Rc8 31. Bd2 Qc4 32. Bf1 Qb3 33. c4 Qxc4 34. Rc3 Nxc3 35. Bxc4 Rxc4 36. Bxc3 d4 37. Bxd4 Nxd4 38.
Qe8+ Kh7 39. Qxf7 Nc2 40. Qf5+ Kh8 41. Qxb5 Nxa3 42. Qxa4 Nc2 43. Qe8+ Kh7 44. b5 Nd4 45. b6 Rb4 46. b7 Nf3+ 47. Kg2 Nh4+ 48. Kf1 Rb1+ 49.
Ke2 Rb2+ 50. Kd3 Rb3+ 51. Kc4 Rxb7 52. Qe4+ Ng6 53. Qxb7 Ne5+ 54. Kd4 Nf7 55. Qxf7 1-0

[Event "*** Titled Tuesday Blitz"]
[Site "Chess.com"]
[Date "2019.05.07"]
[Round "1"]
[White "spicycaterpillar"]
[Black "DamianoLew95"]
[Result "1-0"]
[WhiteElo "2822"]
[BlackElo "2446"]
[TimeControl "180+2"]
[EndTime "13:10:14 PDT"]
[Termination "spicycaterpillar won by checkmate"]

1. e4 c5 2. Nf3 d6 3. d4 cxd4 4. Nxd4 Nf6 5. Nc3 Bd7 6. f3 g6 7. Be3 Nc6 8. Qd2 Bg7 9. O-O-O h5 10. Bc4 Rc8 11. Bb3 Na5 12. Kb1 a6 13. Rhe1 b5 14. Nd5 Nxb3 15. axb3 O-O 16. Bh6 a5 17. Bxg7 Kxg7 18.
Nxf6 exf6 19. h3 Qc7 20. g4 hxg4 21. hxg4 Rh8 22. Rh1 b4 23. g5 fxg5 24. Qxg5 Qc5 25. Qd2 a4 26. bxa4 Ra8 27. b3 Rac8 28. Ne2 Be6 29.
Rxh8 Rxh8 30. Qxd6 Qe3 31. Qd4+ Qxd4 32. Nxd4 Bd7 33.
Kb2 Rh2 34. a5 Rh8 35. a6 Kf6 36. a7 Ra8 37. Ra1 Ke5 38. Ne2 Kd6 39. c3 bxc3+ 40. Kxc3 Kc5 41. b4+ Kb6 42. Kd4 f5 43. Nf4 fxe4 44.
fxe4 g5 45. Nd5+ Kb7 46. Rg1 g4 47. Nf6 Be6 48. Ke5 Bc4 49. Rxg4 Kxa7 50. Kd4 Be6 51.
Rg6 Kb7 52. Nd5 Bd7 53. Rb6+ Kc8 54. Kc5 Ra1 55. e5 Rd1 56. Rd6 Rc1+ 57. Kb6 Ra1 58. e6 Bb5 59. Ne7+ Kb8 60. Rd8# 1-0